AoeStats
← Iguano Pop

Arabia

507210088Analyzed
1v1 RM · 15d ago on Sep 17, 2026· 51m 19s· 2 players
Game mode
Random Map
Map size
Tiny (2 player)
Population
200
Speed
Normal
Resources
Standard
Victory
Conquest
Starting age
Dark Age
Ending age
Imperial Age
RankedLock teamsTeams togetherTeam positionsShared explorationLock speedFull tech treeHidden civsTurbo modeCheats
Victory
Defeat
🇲🇽 Inca · Mexico
1291
+16
🇦🇺 Spanish · Australia
1281
-16
Dingo Ate My Baby!
6:15 Loom
9:11 Feudal Age
10:06 Double-Bit Axe
17:05 Scale Barding Armor
17:53 Bloodlines
19:05 Fletching
19:40 Forging
23:46 Castle Age
22:00 Horse Collar
24:53 Chain Barding Armor
27:17 Iron Casting
29:53 Bow Saw
36:56 Imperial Age
38:45 Chemistry
41:16 Cavalier
41:58 Husbandry
44:01 Plate Barding Armor
44:28 Blast Furnace
Iguano Pop
7:16 Loom
10:26 Feudal Age
11:54 Town Watch
14:23 Fletching
15:02 Double-Bit Axe
16:59 Padded Archer Armor
22:05 Horse Collar
24:46 Castle Age
24:50 Scale Mail Armor
24:52 Crossbowman
25:30 Bodkin Arrow
26:34 Leather Archer Armor
26:35 Heavy Plow
26:49 Bow Saw
27:14 Pikeman
31:30 Ballistics
44:06 Imperial Age
42:13 Wheelbarrow
43:47 Sanctity
43:54 Thumb Ring
43:47 Gold Mining
44:13 Devotion
44:29 Arbalester
45:10 Bracer
46:30 Hand Cart
46:50 Ring Archer Armor
47:28 Chemistry
48:44 Siege Engineers
49:18 Stone Mining
52:26 Stone Shaft Mining
Connection lost

Rejoining the realm…

Still unreachable

The connection could not be restored.

Session expired

The server has moved on; the page needs a fresh start.